 Dungeon Crawl Stone Soup version 0.26-a0-651-gb41185065b (webtiles) character file.

Game seed: 9445333439349166208

14 Ozzies the Skirmisher (level 2, 0/20 HPs)
             Began as a Gargoyle Fighter on Oct 14, 2020.
             Slain by a jackal (2 damage)
             ... on level 1 of the Dungeon.
             The game lasted 00:00:15 (246 turns).

Ozzies the Skirmisher (Gargoyle Fighter)             Turns: 246, Time: 00:00:15

Health: 0/20       AC:  9    Str: 19    XL:     2   Next: 45%
Magic:  2/2        EV:  7    Int:  8    God:
Gold:   0          SH:  9    Dex:  9    Spells: 1/1 levels left

rFire    . . .     SeeInvis .   a - +0 flail
rCold    . . .     Faith    .   c - +0 kite shield
rNeg     + . .     Spirit   .   b - +0 scale mail
rPois    ∞         Reflect  .   (no helmet)
rElec    +         Harm     .   (no cloak)
rCorr    .         Rampage  .   (no gloves)
MR       .....                  (no boots)
Stlth    ..........             (no amulet)
HPRegen  0.06/turn              (no ring)
MPRegen  0.08/turn              (no ring)

@: no status effects
A: negative energy resistance 1, electricity resistance, unbreathing,
petrification resistance, rot immunity, AC +2
a: no special abilities


You were on level 1 of the Dungeon.
You visited 1 branch of the dungeon, and saw 1 of its levels.

Inventory:

Hand Weapons
 a - a +0 flail (weapon)
Armour
 b - a +0 scale mail (worn)
 c - a +0 kite shield (worn)
Scrolls
 e - 2 scrolls of remove curse {unknown}
Potions
 d - a potion of might {@q3 !q}
 f - a potion of stabbing {unknown}
 g - a potion of cancellation {unknown}


   Skills:
 + Level 4.2 Fighting
 - Level 2.0 Maces & Flails
 - Level 3.2 Armour
 - Level 3.2 Shields


You had one spell level left.
You didn't know any spells.
Your spell library was empty.

Dungeon Overview and Level Annotations

Branches:
Dungeon (1/15)

Altars:


Innate Abilities, Weirdness & Mutations

You are resistant to torment.
Your stone body is resilient. (AC +2)
You are immune to poison.
You resist negative energy. (rN+)
You are resistant to electric shocks. (rElec)
You can survive without breathing.
You are immune to petrification.
You are immune to rotting.


Message History

Things that are here:
a +0 whip; a bat corpse; a kobold corpse The goblin hits you but does no damage.
Found 19 arrows.
The jackal bites you.
* * * LOW HITPOINT WARNING * * *
You block the jackal's attack.
You hit the jackal but do no damage.
The jackal bites you but does no damage.
You block the jackal's attack. The goblin hits you but does no damage.
The jackal completely misses you.
You barely miss the jackal. You block the jackal's attack. x2
The goblin hits you but does no damage.
The jackal bites you but does no damage.
The jackal closely misses you. The jackal barely misses you.
You block the goblin's attack.
The jackal bites you but does no damage.
You miss the jackal.
The jackal bites you but does no damage. x3
You block the goblin's attack. You block the jackal's attack.
The jackal barely misses you. You block the jackal's attack.
You closely miss the jackal.
The jackal bites you but does no damage. x2
The jackal barely misses you. You block the goblin's attack.
The jackal closely misses you. You block the jackal's attack.
The jackal bites you but does no damage.
You block the goblin's attack.
You closely miss the jackal.
The jackal bites you but does no damage. x3
You block the jackal's attack. x2; The goblin hits you but does no damage.
The jackal bites you but does no damage.
You closely miss the jackal. You block the jackal's attack. x2
The jackal closely misses you. The goblin hits you but does no damage.
The jackal bites you but does no damage.
The jackal barely misses you.
The jackal bites you but does no damage.
You block the goblin's attack.
You hit the jackal.
The jackal is moderately wounded.
You block the jackal's attack.
The jackal bites you but does no damage.
You block the jackal's attack. The jackal barely misses you.
You block the jackal's attack. The goblin hits you but does no damage.
The jackal bites you but does no damage.
Your scale mail prevents you from hitting the jackal.
The jackal is moderately wounded.
The jackal bites you but does no damage. x2
You block the jackal's attack. The goblin hits you but does no damage.
The jackal barely misses you.
The jackal bites you but does no damage.
You block the jackal's attack.
Your shield prevents you from hitting the jackal.
The jackal is moderately wounded.
The jackal closely misses you. The jackal completely misses you.
The goblin hits you but does no damage. You block the jackal's attack. x2
The jackal barely misses you.
You barely miss the jackal.
The jackal is lightly wounded.
The jackal bites you but does no damage.
The goblin hits you but does no damage.
The jackal bites you but does no damage.
You block the jackal's attack. x2; You block the goblin's attack.
You block the jackal's attack.
Your shield prevents you from hitting the jackal.
The jackal is lightly wounded.
You block the jackal's attack.
The jackal bites you but does no damage.
The jackal barely misses you.
The jackal bites you but does no damage.
You block the jackal's attack. The goblin hits you but does no damage.
The jackal bites you but does no damage.
You hit the jackal but do no damage.
The jackal is lightly wounded.
The jackal bites you but does no damage.
The jackal pauses to sniff the ground.
You block the jackal's attack. The goblin hits you but does no damage.
The jackal bites you.
* * * LOW HITPOINT WARNING * * *
The jackal bites you but does no damage.
The jackal bites you.
* * * LOW HITPOINT WARNING * * *
The goblin closely misses you.
The jackal bites you but does no damage.
You closely miss the jackal.
The jackal is lightly wounded.
The jackal barely misses you. The jackal bites you.
* * * LOW HITPOINT WARNING * * *
The jackal bites you.
* * * LOW HITPOINT WARNING * * *
The jackal barely misses you.
The jackal bites you but does no damage.
The goblin hits you but does no damage. The jackal completely misses you.
The jackal barely misses you.
You hit the jackal.
The jackal is heavily wounded.
You block the jackal's attack.
The jackal bites you but does no damage.
You block the jackal's attack. The goblin closely misses you.
The jackal completely misses you. The jackal bites you.
You die...

..##. #..
#......##+####. #..
#.............<
#..####..............
#...........#..#.....
#...........#........
#.........###.#....
#.g.....# #.#####
#@h.)†.#####.#####
.......hh.#.............
............###....#####
..........### #.#..#####
..........( ...##......
........##########.####.
........# #.# ..
........# ###.###.#
.########........


You could see 3 jackals and a goblin.

Vanquished Creatures
  3 bats (D:1)
  2 giant cockroaches (D:1)
  A goblin (D:1)
  2 hobgoblins (D:1)
  A jackal (D:1)
  3 kobolds (D:1)
12 creatures vanquished.

Notes
Turn   | Place    | Note
-------+----------+-------------------------------------------
     0 | D:1      | Ozzies the Gargoyle Fighter began the quest for the Orb.
     0 | D:1      | Reached XP level 1. HP: 14/14 MP: 1/1
    93 | D:1      | Reached XP level 2. HP: 14/20 MP: 2/2
    95 | D:1      | Reached skill level 4 in Fighting
   246 | D:1      | Slain by a jackal

Illustrated notes

Levels and vault maps discovered:
D:1:      minmay_arrival_stone_box, layout_rooms, corexii_hall_statues_deadend

Skill      XL: |  1  2 |
---------------+-------+-----
Fighting       | 4 |  4.2
Maces & Flails | |  2.0
Armour         | |  3.2
Shields        | |  3.2

Action                   || total
-------------------------++-------
Melee: Flail             ||    68
Armor: Scale mail        ||   150
Dodge: Dodged            ||    79
Block: Kite shield       ||   102

Table legend: (Time is in decaauts)
 A = Elapsed time spent in this place.
 B = Non-inter-level travel time spent in this place.
 C = Inter-level travel time spent in this place.
 D = Time resting spent in this place.
 E = Time spent auto-exploring this place.
 F = Levels seen in this place.
 G = Mean time per level.
                   A        B        C        D        E       F      G
               +--------+--------+--------+--------+--------+-----+--------+
         Total |    271 |    271 |      0 |      0 |    161 |   1 |  271.0 |
       Dungeon |    271 |    271 |      0 |      0 |    161 |   1 |  271.0 |
               +--------+--------+--------+--------+--------+-----+--------+

Top non-repeatable levels by time:
     D:1: 271 daAuts
